 Dungeon Crawl Stone Soup version 0.26.0-20-g3ca415f5b8 (webtiles) character file.

Game seed: 1294889296040385217

77 EnegeticOcto the Chiller (level 4, -6/30 HPs)
             Began as a Barachi Ice Elementalist on Jan 24, 2021.
             Mangled by a phantom (9 damage)
             ... on level 3 of the Dungeon.
             The game lasted 00:03:04 (378 turns).

EnegeticOcto the Chiller (Barachi Ice Elementalist)  Turns: 378, Time: 00:03:05

Health: -6/30      AC:  3    Str:  9    XL:     4   Next: 33%
Magic:  1/7        EV: 12    Int: 22    God:
Gold:   54         SH:  0    Dex: 13    Spells: 3/7 levels left

rFire    . . .     SeeInvis .   c - +0 whip
rCold    . . .     Faith    .   (no shield)
rNeg     . . .     Spirit   .   a - +0 robe
rPois    .         Reflect  .   (no helmet)
rElec    .         Harm     .   (no cloak)
rCorr    .         Rampage  .   (no gloves)
Will     .....                  d - +0 pair of boots
Stlth    +++.......             (no amulet)
HPRegen  0.10/turn              i - +6 ring of intelligence (curse)
MPRegen  0.10/turn              g - ring of stealth

@: can't hop, frozen ramparts, slow
A: +LOS, swims, slowness 1, strong legs 1
a: Hop


You were on level 3 of the Dungeon.
You visited 1 branch of the dungeon, and saw 3 of its levels.

You collected 54 gold pieces.

Inventory:

Hand Weapons
 c - a +0 whip (weapon)
   (You took it off a kobold on level 2 of the Dungeon)
Armour
 a - a +0 robe (worn)
 d - a +0 pair of boots (worn)
   (You found it on level 2 of the Dungeon)
Jewellery
 f - an uncursed ring of resist corrosion
   (You found it on level 3 of the Dungeon)
 g - a ring of stealth (right hand)
   (You found it on level 3 of the Dungeon)
 i - a cursed +6 ring of intelligence (left hand)
   (You found it on level 2 of the Dungeon)
Scrolls
 e - a scroll of amnesia
 h - a scroll of remove curse {@r2}


   Skills:
 - Level 2.1 Dodging
 - Level 1.7 Stealth
 - Level 2.1 Spellcasting
 + Level 6.9 Ice Magic


You had 3 spell levels left.
You knew the following spells:

 Your Spells              Type           Power        Failure   Level
a - Freeze                Ice            100%         1%          1
b - Frozen Ramparts       Ice            64%          2%          3

Your spell library contained the following spells:

 Spells                   Type           Power        Failure   Level
 Ozocubu's Armour         Ice            32%          2%          3
 Hailstorm                Conj/Ice       17%          32%         4
 Summon Ice Beast         Ice/Summ       17%          32%         4


Dungeon Overview and Level Annotations

Branches:
Dungeon (3/15)

Altars:

Annotations:
D:3 Robin


Innate Abilities, Weirdness & Mutations

You can be seen from farther away. (+LOS)
You can swim through water.
You cover ground slowly.
You can hop short distances.


Message History

Boing!
The hobgoblin shouts!
There is a stone staircase leading down here.
You climb downwards.
A leopard gecko comes into view.
The ooze hits you but does no damage. The ooze barely misses you.
A phantom comes into view.
There is a stone staircase leading up here.
A hobgoblin comes into view.
The ooze hits you.
A goblin comes into view. It is wielding a +0 club.
A goblin and Robin come into view.
The leopard gecko hisses angrily.
The goblin shouts!
The hobgoblin shouts! x3
You hear a shout! x3
Robin throws the goblin at you! The goblin hits you.
* * * LOW HITPOINT WARNING * * *
Robin roars a battlecry!
The goblins go into a battle-frenzy!
The goblin moves out of view.
The ooze barely misses you. The ooze closely misses you. The ooze hits you.
* * * LOW HITPOINT WARNING * * *
The phantom blinks!
There is a stone staircase leading up, spattered with blood here.
The phantom blinks!
The goblin closely misses you. The goblin closely misses you.
The goblin no longer looks unusually strong.
Casting: Freeze (safe; 1% risk of failure)
Confirm with . or Enter, or press ? or * to list all spells.
Casting: Frozen Ramparts (dangerous; 2% risk of failure)
Press: ? - help, Dir - look around, f - activate The walls around you are covered in ice.
The goblin no longer looks unusually strong.
The wall freezes the ooze.
The wall freezes the leopard gecko.
The leopard gecko seems to slow down.
The wall freezes the goblin.
You kill the goblin!
As you read the scroll labelled EDYN TUOTWUSMU, it crumbles to dust.
It is a scroll of identify.
e - a scroll of amnesia The wall freezes the ooze!
The wall freezes the hobgoblin.
Robin roars a battlecry!
The goblins go into a battle-frenzy!
As you read the scroll of identify {@r1}, it crumbles to dust.
h - a scroll of remove curse The wall freezes the ooze.
You kill the ooze!
The wall freezes the hobgoblin.
The wall freezes the goblin.
You kill the goblin!
Casting: Frozen Ramparts (dangerous; 2% risk of failure)
Confirm with . or Enter, or press ? or * to list all spells.
Aiming: Freeze (safe; 1% risk of failure)
Press: ? - help, Shift-Dir - straight line, f - hobgoblin
Aim: a hobgoblin, wielding a +0 club (heavily wounded, strong)
You freeze the hobgoblin!
You kill the hobgoblin!
The leopard gecko is no longer moving slowly.
The phantom resists.
The wall freezes the phantom.
The wall freezes the leopard gecko.
You aren't carrying any items that you can evoke.
Okay, then.
The wall freezes the leopard gecko.
You kill the leopard gecko!
The phantom resists.
The wall freezes the phantom.
The wall freezes the quokka.
You kill the quokka!
You closely miss the phantom.
The phantom is lightly damaged.
A goblin comes into view. It is wielding a +0 dagger.
A goblin comes into view.
The phantom resists.
The wall freezes the phantom.
The phantom closely misses you.
You hit the phantom but do no damage.
The phantom is lightly damaged.
The wall freezes the hobgoblin!
You kill the hobgoblin!
The phantom resists.
The wall freezes the phantom.
The phantom blinks!
The wall freezes Robin!
Robin says, "My army is invincible!"
Robin roars a battlecry!
A goblin comes into view. It is wielding a +0 dagger.
You hear a shout!
The frozen ramparts melt away.
Casting: Freeze (safe; 1% risk of failure)
Confirm with . or Enter, or press ? or * to list all spells.
Casting: Frozen Ramparts (dangerous; 2% risk of failure)
Press: ? - help, Dir - look around, f - activate The walls around you are covered in ice.
The phantom resists.
The wall freezes the phantom.
The phantom closely misses you.
The wall freezes Robin.
Robin hits you but does no damage.
The wall freezes the hobgoblin.
You kill the hobgoblin!
The goblin shouts!
You hit the phantom but do no damage.
The phantom is lightly damaged.
The wall freezes Robin.
Robin hits you from afar with a +0 spear.
* * * LOW HITPOINT WARNING * * *
The phantom completely resists.
The wall freezes the phantom but does no damage.
The phantom hits you!
You die...

.................)...)....# ....
...........######.#......## #....
...#######..........#.#.##.....g.
## ##.............)....##....
.......###.###..#.###.g...
######...#......##..##.....
##.....#######..g.....
########..#########.........
.......>..W@)g.g.ggg<.......
........######)....##.......
######## ##.#####....... ###
###..... ..... ..... #.... #...
###


You could see a phantom, Robin and 4 goblins.

Vanquished Creatures
  An adder (D:2)
  3 gnolls (D:3)
  An ooze (D:3)
  3 leopard geckos
  A ball python (D:1)
  5 goblins
  5 hobgoblins
  A kobold (D:2)
  2 quokkas
  6 bats
  A frilled lizard (D:2)
  3 rats
32 creatures vanquished.

Notes
Turn   | Place    | Note
-------+----------+-------------------------------------------
     0 | D:1      | EnegeticOcto the Barachi Ice Elementalist began the quest
                  | for the Orb.
     0 | D:1      | Reached XP level 1. HP: 13/13 MP: 3/3
    26 | D:1      | Reached skill level 5 in Ice Magic
   101 | D:2      | Reached XP level 2. HP: 15/19 MP: 3/5
   204 | D:2      | Reached XP level 3. HP: 16/24 MP: 1/6
   208 | D:2      | Learned a level 3 spell: Frozen Ramparts
   217 | D:2      | Reached skill level 6 in Ice Magic
   273 | D:3      | Reached XP level 4. HP: 10/30 MP: 1/7
   355 | D:3      | Noticed a phantom
   357 | D:3      | Noticed Robin
   378 | D:3      | Mangled by a phantom

Illustrated notes

Levels and vault maps discovered:
D:1:      evilmike_arrival_home_sweet_home, layout_loops_ring,
          serial_bayou_pond_d
D:2:      layout_basic
D:3:      layout_rooms, uniq_robin

Skill      XL: |  1  2  3 |
---------------+----------+-----
Ice Magic      | 5 6 |  6.9
Dodging        | |  2.1
Stealth        | |  1.7
Spellcasting   | |  2.1

Action                   |  1- 3 |  4- 6 || total
-------------------------+-------+-------++-------
Melee: Unarmed           |     9 |       ||     9
       Whip              |     6 |     3 ||     9
 Cast: Freeze            |    20 |     5 ||    25
       Frozen Ramparts   |     1 |     2 ||     3
 Abil: Hop               |     2 |     1 ||     3
  Use: Scroll            |       |     2 ||     2
Armor: Robe              |     6 |     2 ||     8
Dodge: Dodged            |    16 |     9 ||    25
